woodfighter, neutral female scurrid Archeologist ------------------ ---- |................------m.| |....................f.^)| |...........----.-------^| |--.--------|....| |^| |.....|.....|....| |^| |....`|`......`..| |^| |.`..........----- |^| |....`|....``| |^| |.....|-.....| |^| -----.-------- ------|^| |.`..`....| --|.....|^| |...`.`...| |.+.....|^| |-.----...| |-|.....|^| |..`...`.-- |.+..(..+.| |.>...`..| |-|.....|-- |.[...---- |.+.....| ------- --|.....| ------- woodfighter the Investigator Experience level: 6 Strength: 14 Dexterity: 10 Constitution: 15 Intelligence: 16 Wisdom: 13 Charisma: 11 Health: 0(42) Energy: 30(30) Def: 4 Gold: 0 Moves: 2721 Dungeon seed: H0VkmnTuCIjf058R Game ID: woodfighter_1532277126 Your Inventory: Amulets p - an uncursed amulet of magical breathing (being worn) Weapons a - a blessed +2 bullwhip (weapon in paw) X - 32 +0 darts (in quiver) Armor e - an uncursed +0 leather jacket (being worn) n - an uncursed +0 pair of leather gloves (being worn) y - a blessed +1 cloak of displacement (being worn) Comestibles b - 4 uncursed chestnuts l - 2 uncursed cram rations m - 2 uncursed tins of kobold meat r - an uncursed apple z - an uncursed fortune cookie C - 3 uncursed tripe rations M - 9 uncursed food rations R - 2 uncursed lembas wafers T - 2 uncursed eggs Z - an uncursed banana Rings A - an uncursed ring of conflict F - an uncursed ring of warning (on right paw) L - an uncursed ring of invisibility (on left paw) Wands d - a wand of sleep (0:5) o - a wand of digging (0:6) t - a wand of sleep (0:4) B - a wand of striking (0:6) V - a wand of sleep (0:6) Tools c - an uncursed pair of lenses (being worn) s - an uncursed sack Gems q - an uncursed touchstone Contents of the sack: an uncursed [+0] mummy wrapping 2 [uncursed] sprigs of wolfsbane a [uncursed] potion of fruit juice a [uncursed] potion of hallucination a [blessed] [+2] ring of adornment an uncursed ring of cold resistance a [cursed] [-3] ring of increase damage an uncursed [+1] ring of stealth a cursed ring of teleportation Spells and supernatural/magical abilities: Name Level Category Fail Memory W - pray for help -- divine ? -- Your skills at the end: Miscellaneous Skills wands [Basic] Weapon Skills boomerang [Basic] whip [Basic] Spellcasting Skills Final Attributes: You were devoutly aligned. Your writing paw was ok. You were telepathic. You were warned. You had automatic searching. You had infravision. You were invisible. You were displaced. You were very stealthy. You could survive without air. You were held by a giant mimic. You were fast. You are dead. Vanquished creatures: a small mimic a housecat 2 imps a rock piercer a kobold mummy a red naga hatchling 2 elf zombies a straw golem 3 floating eyes a kitten a dwarf a kobold shaman 2 iguanas 6 hill orcs a rabid rat 3 jitterbugs a giant bat 5 orc zombies a gas spore a hobbit a large kobold a gecko a hobgoblin a giant rat 3 cave spiders 2 brown molds a yellow mold 2 green molds 7 garter snakes 6 jackals 2 foxes a kobold 9 newts a goblin 2 sewer rats 6 grid bugs 4 lichens 86 creatures vanquished. Voluntary challenges: You did not cause conflict. You did not have reflection. You used a wielded weapon 200 times, starting on turn 59. You did not apply a unicorn horn. You did not use plumbed fixtures. You did not drink any magical draughts. You read items or engraved 3 times, starting on turn 2113. You never genocided any monsters. You never polymorphed an object. You never changed form. You used no wishes. You never split a pudding. You never wrote Elbereth's name. You never violated your personal moral code. Dungeon overview: The Dungeons of Doom: levels 1 to 6 Level 1 an altar to Camaxtli a long staircase Level 2 a general store, a fountain Level 3 stairs to The Gnomish Mines Level 4 a general store, a fountain Level 5 many fountains Level 6 stairs to Sokoban The Gnomish Mines: Level 4 stairs to The Dungeons of Doom Sokoban: levels 2 to 5 Level 2 <- You were here a magic chest Level 3 Level 4 Level 5 an altar to Quetzalcoatl, a magic chest stairs to The Dungeons of Doom History has recorded: On T:1 you entered the Dungeons of Doom to retrieve the Amulet of Yendor! On T:101 you reached level 2 of The Dungeons of Doom. On T:394 you reached level 3 of The Dungeons of Doom. On T:476 you advanced to experience level 2. On T:617 you advanced to experience level 3. On T:798 you reached level 4 of The Dungeons of Doom. On T:865 you reached level 1 of The Gnomish Mines. On T:1082 you advanced to experience level 4. On T:1240 you reached level 5 of The Dungeons of Doom. On T:1625 you reached level 6 of The Dungeons of Doom. On T:1723 you advanced to experience level 5. On T:1820 you reached level 4 of Sokoban. On T:2112 you opened a magic chest. On T:2156 you reached level 3 of Sokoban. On T:2176 you advanced to experience level 6. On T:2303 you reached level 2 of Sokoban. On T:2545 you reached level 1 of Sokoban. Score breakdown: Gold: 0 ( 0 points) Experience: 6 levels ( 500 points) Exploration: 6 levels ( 150 points) Discoveries: 25 items ( 1250 points) Variety of kills: 37 monsters ( 1850 points) Major goal: (nothing yet) ( 0 points) Survival: died (score multiplied by 3) Total score: 11250 Latest messages: The boulder falls into and plugs a hole in the floor! With great effort you move the boulder. You hear a door open. With great effort you move the boulder. You are beginning to feel hungry. With great effort you move the boulder. The boulder falls into and plugs a hole in the floor! The dart hits the giant mimic. The dart hits the giant mimic. The dart hits the giant mimic. The dart hits the giant mimic. The dart hits the giant mimic. You whip the giant mimic. You hear a sound reminiscent of a seal barking. You whip the giant mimic. (7x) The giant mimic bumps right into you! You whip the giant mimic. (8x) The giant mimic claws you! (2x) You whip the giant mimic. (5x) You cannot escape from the giant mimic! (2x) The giant mimic claws you! (2x) You die... Final status: Goodbye woodfighter the Archeologist, killed by a giant mimic... You died in Sokoban on dungeon level 2 with 11250 points, and 0 pieces of gold, after 2721 moves. You were level 6 with a maximum of 42 hit points when you died.